 Dungeon Crawl Stone Soup version 0.25-a0-166-g16436c4407 (webtiles) character file.

Game seed: 1451623142293559260, levelgen mode: deterministic

323 JADarius the Cudgeler (level 6, -13/56 HPs)
             Began as a Minotaur Berserker on Nov 22, 2019.
             Was a Believer of Trog.
             Killed by nerve-wracking pain
             ... invoked by Grinder
              (14 damage)
             ... on level 3 of the Dungeon on Nov 23, 2019.
             The game lasted 00:16:47 (2702 turns).

JADarius the Cudgeler (Minotaur Berserker)          Turns: 2702, Time: 00:16:47

Health: -13/56     AC:  9    Str: 21    XL:     6   Next: 23%
Magic:  5/5        EV:  9    Int:  4    God:    Trog [**....]
Gold:   147        SH:  0    Dex: 12    Spells: 5/5 levels left

rFire    . . .     SeeInvis .   t - +0 halberd
rCold    . . .     Gourm    .   (shield currently unavailable)
rNeg     . . .     Faith    .   q - +0 chain mail
rPois    .         Spirit   .   (helmet restricted)
rElec    .         Reflect  .   (no cloak)
rCorr    .         Harm     .   (no gloves)
MR       .....                  (no boots)
Stlth    ..........             (no amulet)
HPRegen  0.18/turn              (no ring)
MPRegen  0.09/turn              (no ring)

@: berserk cooldown, slowed, very slow
A: retaliatory headbutt, horns 2
a: Berserk, Trog's Hand, Renounce Religion


You were on level 3 of the Dungeon.
You worshipped Trog.
Trog was pleased with you.
You were not hungry.

You visited 1 branch of the dungeon, and saw 3 of its levels.

You collected 147 gold pieces.

Inventory:

Hand Weapons
 a - a +0 mace
 t - a +0 halberd (weapon)
 x - a +0 hand axe
Armour
 b - a +0 animal skin
 p - a +0 ring mail
 q - a +0 chain mail (worn)
Wands
 u - a wand of flame (12)
Scrolls
 e - 3 scrolls of identify {unknown}
 g - a scroll of random uselessness {unknown}
 j - 2 scrolls of magic mapping {unknown}
 k - 2 scrolls of remove curse {unknown}
 l - a scroll of enchant armour {unknown}
 m - 2 scrolls of teleportation {unknown}
 n - 2 scrolls of blinking {unknown}
 s - a scroll of fog {unknown}
 v - a scroll of enchant weapon {unknown}
 y - a scroll of noise {unknown}
Potions
 d - 2 potions of heal wounds
 f - a potion of cancellation {unknown}
 h - a potion of lignification {unknown}
 i - 2 potions of curing {unknown}
 o - a potion of might {unknown}
 r - a potion of resistance {unknown}
 w - a potion of invisibility {unknown}
Comestibles
 c - a ration
 z - a chunk of flesh


   Skills:
 + Level 5.4 Fighting
 + Level 6.1 Maces & Flails
 + Level 0.4 Polearms
 + Level 3.4 Armour
 + Level 3.3 Dodging
 + Level 0.8 Stealth


You had 5 spell levels left.
You didn't know any spells.
Your spell library was empty.

Dungeon Overview and Level Annotations

Branches:
Dungeon (3/15)

Altars:
Nemelex Xobeh
Xom

Annotations:
D:3 Grinder


Innate Abilities, Weirdness & Mutations

You reflexively headbutt those who attack you in melee.
You have a pair of horns on your head.


Message History

Grinder gestures at you.
You suddenly lose the ability to move!
Grinder hits you.
* * * LOW HITPOINT WARNING * * *
You writhe in agony.
* * * LOW HITPOINT WARNING * * *
Grinder completely misses you. Grinder hits you but does no damage.
Grinder hits you but does no damage. x3
You can move again.
Grinder gestures at you. You resist with significant effort.
Grinder gestures at you. Pain shoots through your body!
* * * LOW HITPOINT WARNING * * *
Number of times to repeat, then command key: You must enter the number of times for the command to repeat.
Grinder gestures at you. Pain shoots through your body!
You die...

..#..#...##)###.################.
#.#.#....###÷#.## #.
#.⌠.⌠...........## #.
#.._...#.#.......## #####.
..⌠.⌠.............# #.....
....##.#.#.......## #.####
###.##.........5.# #.# #
#.####.###...#.# #[#
#.####.####.##@# #.#
###.##........##.# #.#
.......#.......#.# #.#
###.#######.#..#<# #.# ###.#
#.#..#.. #.# .##.# #.#..###
######.## ....# #.#..#
#.......### .#### ### #.#..#
#.####..... .# ##.###.#..# #.#
##.##.


You could see Grinder.

Vanquished Creatures
  4 crimson imps (D:3)
  An orc priest (D:3)
  Jessica (D:3)
  An iguana (D:2)
  4 gnolls (D:3)
  An adder (D:2)
  3 dart slugs
  2 leopard geckos
  4 orcs (D:3)
  2 ball pythons
  11 bats
  3 goblins
  A hobgoblin (D:2)
  4 jackals (D:2)
  4 kobolds
  2 quokkas
  2 frilled lizards (D:3)
  4 rats
54 creatures vanquished.

Notes
Turn   | Place    | Note
-------+----------+-------------------------------------------
     0 | D:1      | JADarius the Minotaur Berserker began the quest for the
                  | Orb.
     0 | D:1      | Reached XP level 1. HP: 19/19 MP: 0/0
   163 | D:1      | Reached skill level 4 in Maces & Flails
   267 | D:1      | Reached XP level 2. HP: 27/27 MP: 1/1
   735 | D:2      | Upgraded the game from 0.25-a0-163-g00f8f0cddd to
                  | 0.25-a0-166-g16436c4407
   894 | D:2      | Reached XP level 3. HP: 26/33 MP: 2/2
  2015 | D:3      | Found a shimmering altar of Xom.
  2048 | D:3      | Reached skill level 5 in Maces & Flails
  2048 | D:3      | Reached XP level 4. HP: 41/41 MP: 3/3
  2048 | D:3      | Paralysed by a crimson imp for 4 turns
  2068 | D:3      | Reached XP level 5. HP: 43/47 MP: 4/4
  2073 | D:3      | Reached skill level 5 in Fighting
  2174 | D:3      | Reached ** piety under Trog
  2401 | D:3      | Noticed Jessica
  2409 | D:3      | Killed Jessica
  2409 | D:3      | Reached XP level 6. HP: 55/56 MP: 5/5
  2420 | D:3      | Reached skill level 6 in Maces & Flails
  2553 | D:3      | Found a sparkling altar of Nemelex Xobeh.
  2673 | D:3      | Noticed Grinder
  2693 | D:3      | Paralysed by Grinder for 7 turns
  2701 | D:3      | HP: 1/56 [Grinder/nerve-wracking pain (9)]
  2702 | D:3      | Killed from afar by Grinder

Levels and vault maps discovered:
D:1:      dpeg_arrival_three_bigger_balls, layout_basic, minmay_tripent
D:2:      layout_basic, minmay_misc_feat_enclosed, lemuel_another_geyser
D:3:      layout_loops_ring, nemelex_xobeh_ov_fountains_minmay, led_xom_imps,
          uniq_jessica, uniq_grinder

Skill      XL: |  1  2  3  4  5  6 |
---------------+-------------------+-----
Maces & Flails | 4 5 6 |  6.1
Fighting       | 4 5 |  5.4
Dodging        | 3 |  3.3
Armour         | 3 |  3.4
Polearms       | |  0.4
Stealth        | |  0.8

Action                   |  1- 3 |  4- 6 || total
-------------------------+-------+-------++-------
Melee: Mace              |    61 |    35 ||    96
       Headbutt          |     7 |    14 ||    21
       Halberd           |       |    31 ||    31
Invok: Berserk           |     2 |     1 ||     3
  Use: Potion            |       |     1 ||     1
  Eat: Ration            |     1 |     1 ||     2
       Chunk             |     1 |       ||     1
Armor: Animal skin       |    19 |       ||    19
       Chain mail        |    11 |    53 ||    64
Dodge: Dodged            |    60 |    31 ||    91

Table legend:
 A = Non-vault XP
 B = Vault XP
 C = Vault XP percentage of total XP
 D = Non-vault monster count
 E = Vault monster count
 F = Vault count percentage of total count
                 A         B        C        D         E       F
            +---------+---------+-------+---------+---------+-------
      Total |     220 |     242 |  52.4 |      47 |       7 |  13.0
            +---------+---------+-------+---------+---------+-------
        D:1 |      18 |       5 |  21.7 |      10 |       2 |  16.7
        D:2 |      73 |       0 |   0.0 |      16 |       0 |   0.0
        D:3 |     129 |     237 |  64.8 |      21 |       5 |  19.2
            +---------+---------+-------+---------+---------+-------
